 Dungeon Crawl Stone Soup version 0.31.0-12-g77e489cdc1 (webtiles) character file.

Game seed: 6797954406454424935

2842 spaghetti the Martial Artist (level 9, -2/60 HPs)
             Began as a Tengu Chaos Knight on Feb 23, 2024.
             Was a Plaything of Xom.
             Slain by a komodo dragon (11 damage)
             ... on level 8 of the Dungeon.
             The game lasted 00:07:34 (6078 turns).

spaghetti the Martial Artist (Tengu Chaos Knight)   Turns: 6078, Time: 00:07:35

Health: -2/60      AC: 13    Str: 14    XL:     9   Next: 74%
Magic:  10/10      EV: 23    Int: 12    God:    Xom [*.....]
Gold:   350        SH:  5    Dex: 23    Spells: 8/8 levels left

rFire   . .          .
                       - Unarmed
rCold   . . .        (no shield)
rNeg    . . .        l - +1 plate armour of the Forgotten Xeniums {Regen+}
rPois   .            (helmet restricted)
rElec   .            f - scarf {shadows}
rCorr   .            (no gloves)
SInv    .            (boots unavailable)
Will    .....        e - amulet of reflection Stlth
                     t - +4 ring of slaying
HPRegen 1.10/turn    q - +6 ring of dexterity
MPRegen 0.12/turn

%: reflection, acrobat
@: acrobatic, flying
A: beak, talons 3, evasive flight, acrobatic, iridescent scales 1, wild magic 1
a: Renounce Religion


You were on level 8 of the Dungeon.
You worshipped Xom.
You were a special plaything of Xom.
You visited 1 branch of the dungeon, and saw 8 of its levels.

You collected 350 gold pieces.

Inventory:

Armour
 a - a +3 leather armour
 f - a scarf of shadows (worn)
 l - the +1 plate armour of the Forgotten Xeniums (worn) {Regen+}
   (You found it on level 5 of the Dungeon)

   Regen+:    It increases your rate of health regeneration.
Jewellery
 e - an amulet of reflection (around neck)
 k - a ring of resist corrosion
 q - a +6 ring of dexterity (right hand)
 t - a +4 ring of slaying (left hand)
Scrolls
 b - 2 scrolls of enchant armour
 c - a scroll of enchant weapon
 i - a scroll of fear
 j - a scroll of blinking
 m - a scroll of identify
 n - 2 scrolls of vulnerability
 o - 2 scrolls of teleportation
 r - a scroll of amnesia
 u - a scroll of silence
Potions
 d - a potion of haste
 g - a potion of lignification {unknown}
 h - a potion of enlightenment
 p - a potion of degeneration
 s - 2 potions of curing


   Skills:
 - Level 9.1 Fighting
 - Level 2.1 Armour
 - Level 1.1 Dodging
 - Level 5.3 Stealth
 + Level 10.0 Unarmed Combat


You had 8 spell levels left.
You didn't know any spells.
Your spell library contained the following spells:

 Spells                   Type           Power      Damage    Failure   Level
 Tukima's Dance           Hex            0%         N/A       100%        3
 Passage of Golubria      Tloc           0%         N/A       100%        4
 Yara's Violent Unravell  Hex/Alch       0%         3d3       100%        5


Dungeon Overview and Level Annotations

Branches:
Dungeon (8/15)             Temple (0/1) D:4            Lair (0/5) D:8

Altars:
Ashenzari
Hepliaklqana
Makhleb
Sif Muna
Yredelemnul

Shops:
D:5 *   D:8 (


Innate Abilities, Weirdness & Mutations

You have a beak for a mouth.
You have claws for feet.
Your magical flight helps you evade attacks. (EV +4)
You can magically evade attacks while moving or waiting.
You are partially covered in iridescent scales. (AC +2)
Your spells are a little harder to cast, but a little more powerful.


Message History

No target in view!
No target in view!
There is a stone staircase leading down here.
o - 2 scrolls of teleportation (gained 1)
A centaur comes into view.
The centaur shouts!
You hear a shout!
A centaur is nearby!
A centaur is nearby!
The centaur wields a +0 orcbow.
The centaur shoots an arrow.
The arrow hits you but does no damage.
The centaur shoots an arrow.
You block the arrow with an invisible shield... and reflect it back!
The arrow hits the centaur.
The centaur shoots an arrow.
The arrow hits you!
The centaur shoots an arrow.
The arrow misses you. "Whee!"
Your surroundings suddenly seem different.
Your surroundings suddenly seem different.
Unknown command.
Unknown command.
The komodo dragon hisses angrily.
The iguana hisses angrily.
The komodo dragon bites you!!
You are too injured to fight recklessly!
You are too injured to fight recklessly!
You are too injured to fight recklessly!
You are too injured to fight recklessly!
You are too injured to fight recklessly!
You are too injured to fight recklessly!
You are too injured to fight recklessly!
You are too injured to fight recklessly!
You are too injured to fight recklessly!
You are too injured to fight recklessly!
You are too injured to fight recklessly!
You are too injured to fight recklessly!
The komodo dragon attacks as it pursues you!
The komodo dragon bites you!!
* * * LOW HITPOINT WARNING * * *
The komodo dragon attacks as it pursues you!
The komodo dragon bites you!
You die...
Xom chuckles heartily! ###### ##PPPPP# #.PPPPPP

###.####### ##PPP...P
..#.......####..P..>.P
#.#######.##.[..P....P
#.# ###@#.#.......PP
##.#####..l.###.P)PPPPP
#............#.....PPPP
#..###........##....PPP
#.<# #...l..>.##.....PP
#..# #....>....##...PP#
#..# ##........# #...##
#..# ##......... #...
...#.....#


You could see a komodo dragon and an iguana.

Vanquished Creatures
  An unseen horror (D:7)
  6 yaks
  A water moccasin (D:5)
  A black bear (D:6)
  2 sky beasts (D:7)
  An ogre (D:6)
  A centaur (D:8)
  A phantom (D:6)
  2 bullfrogs (D:7)
  3 scorpions
  2 bombardier beetles
  5 hounds
  4 sleepcaps (D:5)
  A jelly (D:7)
  2 gnoll boudas
  An orc wizard (D:4)
  Robin (D:2)
  15 gnolls
  8 adders
  3 white imps
  4 ufetubi
  3 dart slugs
  9 orcs
  5 bats
  8 endoplasms
  A giant cockroach (D:4)
  14 hobgoblins
  2 jackals (D:2)
  3 quokkas
  7 ball pythons
  3 frilled lizards
  11 goblins
  6 kobolds
  2 rats
139 creatures vanquished.

Notes
Turn   | Place    | Note
-------+----------+-------------------------------------------
     0 | D:1      | spaghetti the Tengu Chaos Knight began the quest for the
                  | Orb.
     0 | D:1      | Reached XP level 1. HP: 14/14 MP: 2/2
   210 | D:1      | Reached XP level 2. HP: 19/19 MP: 3/3
   285 | D:1      | XOM: cloud trail
   702 | D:2      | Reached XP level 3. HP: 22/23 MP: 4/4
   717 | D:2      | Reached skill level 4 in Unarmed Combat
   778 | D:2      | Found a basalt altar of Yredelemnul.
   917 | D:2      | Noticed Robin
   939 | D:2      | Killed Robin
   940 | D:2      | Reached XP level 4. HP: 24/29 MP: 5/5
  1010 | D:2      | XOM: give mutations
  1010 | D:2      | Gained mutation: Your mind is acute. (Int +4, Str/Dex -1)
                  | [Xom's mischief]
  1010 | D:2      | Gained mutation: You are robust. (+10% HP) [Xom's mischief]
  1475 | D:3      | XOM: cleaving
  1478 | D:3      | Lost mutation: You are robust. (+10% HP) [potion of
                  | mutation]
  1478 | D:3      | Lost mutation: Your mind is acute. (Int +4, Str/Dex -1)
                  | [potion of mutation]
  1478 | D:3      | Gained mutation: You occasionally lose the ability to read
                  | scrolls when taking damage. [potion of mutation]
  1478 | D:3      | Gained mutation: You are weak. (Str -2) [potion of
                  | mutation]
  1478 | D:3      | Gained mutation: Your body sometimes deteriorates upon
                  | taking damage. [potion of mutation]
  1478 | D:3      | Gained mutation: You have supernaturally acute eyesight.
                  | (SInv) [potion of mutation]
  1484 | D:3      | Reached XP level 5. HP: 12/34 MP: 6/6
  1491 | D:3      | Reached skill level 5 in Unarmed Combat
  1609 | D:3      | Found a broken altar of Ashenzari.
  1643 | D:3      | XOM: 2-stop teleportation journey
  2152 | D:4      | Found a staircase to the Ecumenical Temple.
  2176 | D:4      | Reached skill level 5 in Fighting
  2176 | D:4      | Reached XP level 6. HP: 40/40 MP: 7/7
  2191 | D:4      | XOM: give mutations
  2191 | D:4      | Gained mutation: You possess an exceptional clarity of
                  | mind. [Xom's grace]
  2191 | D:4      | Gained mutation: Your flesh is cold resistant. (rC+) [Xom's
                  | grace]
  2191 | D:4      | Gained mutation: Your mind is acute. (Int +4, Str/Dex -1)
                  | [Xom's grace]
  2215 | D:4      | XOM: torment (21/40 hp)
  2458 | D:4      | XOM: draining
  2478 | D:4      | Found a hazy altar of Hepliaklqana.
  2478 | D:4      | XOM: 3-stop teleportation journey
  2598 | D:4      | Reached skill level 1 in Stealth
  2641 | D:4      | XOM: 6-stop teleportation journey
  2654 | D:4      | XOM: 1-stop teleportation journey
  2714 | D:4      | XOM: 8-stop teleportation journey
  2722 | D:4      | XOM: give mutations
  2722 | D:4      | Lost mutation: Your mind is acute. (Int +4, Str/Dex -1)
                  | [Xom's mischief]
  2722 | D:4      | Lost mutation: You have supernaturally acute eyesight.
                  | (SInv) [Xom's mischief]
  2722 | D:4      | Lost mutation: Your body sometimes deteriorates upon taking
                  | damage. [Xom's mischief]
  2868 | D:4      | Found a burning altar of Makhleb.
  2873 | D:4      | Reached skill level 6 in Unarmed Combat
  2927 | D:5      | XOM: stealth player
  2927 | D:5      | Entered Level 5 of the Dungeon
  3025 | D:5      | Noticed a yak
  3025 | D:5      | Noticed a yak
  3025 | D:5      | Noticed a yak
  3026 | D:5      | Noticed a yak
  3026 | D:5      | Noticed a yak
  3027 | D:5      | Noticed a yak
  3035 | D:5      | XOM: cleaving
  3040 | D:6      | XOM: summons 1 hostile shadow creature
  3051 | D:6      | XOM: smoke on damage
  3053 | D:6      | Killed a yak
  3054 | D:6      | Gained mutation: Your magical flight helps you evade
                  | attacks. (EV +4) [Tengu growth]
  3054 | D:6      | Reached XP level 7. HP: 18/45 MP: 8/8
  3156 | D:6      | XOM: summons 2 friendly demons
  3169 | D:6      | Killed a yak
  3174 | D:6      | Killed a yak
  3176 | D:6      | Killed a yak
  3177 | D:6      | Reached skill level 7 in Unarmed Combat
  3177 | D:6      | Reached XP level 8. HP: 19/52 MP: 9/9
  3376 | D:5      | HP: 2/52 [yak (6)]
  3381 | D:5      | HP: 1/52 [yak (13)]
  3383 | D:5      | Killed a yak
  3531 | D:5      | XOM: summons 1 hostile shadow creature
  3535 | D:5      | Killed a yak
  3536 | D:5      | Reached skill level 5 in Stealth
  3648 | D:5      | XOM: 2-stop teleportation journey
  3737 | D:5      | Reached skill level 8 in Unarmed Combat
  3831 | D:5      | Found Lytoetoch's Assorted Antiques.
  3930 | D:5      | Reached XP level 9. HP: 57/57 MP: 10/10
  3946 | D:5      | Found a shimmering blue altar of Sif Muna.
  3986 | D:5      | Identified the +1 plate armour of the Forgotten Xeniums
                  | {Regen+}
  4137 | D:5      | XOM: give mutations
  4137 | D:5      | Gained mutation: Your spells are a little harder to cast,
                  | but a little more powerful. [Xom's mischief]
  4137 | D:5      | Gained mutation: You are dopey. (Int -2) [Xom's mischief]
  4137 | D:5      | Gained mutation: You have an increased reservoir of magic.
                  | (+10% MP) [Xom's mischief]
  4615 | D:6      | XOM: cloud trail
  4736 | D:6      | XOM: stat loss: -1 Str (11/12)
  4740 | D:6      | XOM: 1-stop teleportation journey
  4757 | D:7      | Reached skill level 9 in Unarmed Combat
  4771 | D:7      | Killed an unseen horror
  4807 | D:7      | XOM: give mutation
  4807 | D:7      | Lost mutation: You possess an exceptional clarity of mind.
                  | [Xom's mischief]
  4901 | D:7      | Found Ublequag's Armour Boutique.
  5161 | D:7      | XOM: give mutations
  5161 | D:7      | Gained mutation: You occasionally lose the ability to drink
                  | potions when taking damage. [Xom's mischief]
  5161 | D:7      | Lost mutation: Your flesh is cold resistant. (rC+) [Xom's
                  | mischief]
  5161 | D:7      | Gained mutation: Your spells are harder to cast, but more
                  | powerful. [Xom's mischief]
  5266 | D:7      | Lost mutation: You occasionally lose the ability to read
                  | scrolls when taking damage. [potion of mutation]
  5266 | D:7      | Lost mutation: You occasionally lose the ability to drink
                  | potions when taking damage. [potion of mutation]
  5266 | D:7      | Gained mutation: You are partially covered in iridescent
                  | scales. (AC +2) [potion of mutation]
  5266 | D:7      | Gained mutation: You are somewhat resistant to further
                  | mutation. [potion of mutation]
  5268 | D:7      | Lost mutation: You are somewhat resistant to further
                  | mutation. [potion of mutation]
  5268 | D:7      | Lost mutation: You are dopey. (Int -2) [potion of mutation]
  5268 | D:7      | Lost mutation: Your spells are harder to cast, but more
                  | powerful. [potion of mutation]
  5268 | D:7      | Gained mutation: Your mind is acute. (Int +4, Str/Dex -1)
                  | [potion of mutation]
  5268 | D:7      | Gained mutation: You have hidden genetic defects. [potion
                  | of mutation]
  5269 | D:7      | Lost mutation: You have an increased reservoir of magic.
                  | (+10% MP) [potion of mutation]
  5269 | D:7      | Lost mutation: You have hidden genetic defects. [potion of
                  | mutation]
  5269 | D:7      | Lost mutation: You are weak. (Str -2) [potion of mutation]
  5269 | D:7      | Lost mutation: Your mind is acute. (Int +4, Str/Dex -1)
                  | [potion of mutation]
  5493 | D:7      | XOM: torment (31/60 hp)
  5876 | D:8      | Found a staircase to the Lair.
  5876 | D:8      | Noticed a komodo dragon
  5883 | D:8      | Reached skill level 10 in Unarmed Combat
  5937 | D:8      | Found Xoeschep's Antique Weapon Emporium.
  5980 | D:8      | XOM: summons 5 hostile demons
  6075 | D:8      | XOM: 2-stop teleportation journey
  6078 | D:8      | Slain by a komodo dragon

Illustrated notes

Levels and vault maps discovered:
D:1:      sevenhm_arrival_forest_fort_small_6, layout_basic
D:2:      minmay_chambers_of_ones, layout_basic, basic_altar, dk_noncrumbling_2,
          uniq_robin
D:3:      layout_rooms, old_standard_altar
D:4:      layout_basic, kennysheep_mini_moat, mainiacjoe_overflow_24_doors,
          temple_pool_b
D:5:      layout_basic, mainiacjoe_overflow_paths, serial_shops,
          nicolae_shop_tiny_statue_garden
D:6:      layout_rooms
D:7:      layout_loops_ring, serial_shops, shop,
          serial_library_hellmonk_open_cross, lemuel_flame_loot_1
D:8:      layout_loops_ring, marbit_many_paths, zin_scriptorium,
          david_lair_shrubbed, serial_shops, nicolae_shop_window_shopping,
          uniq_maggie

Skill      XL: |  1  2  3  4  5  6  7  8  9 |
---------------+----------------------------+-----
Unarmed Combat | 4 5 6 7 8 10 | 10.0
Fighting       | 4 5 6 7 9 |  9.1
Stealth        | 2 4 5 |  5.3
Armour         | |  2.1
Dodging        | |  1.1

Action                     |  1- 3 |  4- 6 |  7- 9 || total
---------------------------+-------+-------+-------++-------
  Melee: Unarmed           |    69 |   136 |   230 ||   435
         Kick              |    19 |    39 |    88 ||   146
         Peck              |    11 |    21 |    58 ||    90
         Punch             |     2 |     3 |    14 ||    19
    Use: Potion            |     2 |     4 |    10 ||    16
         Scroll            |       |     3 |    11 ||    14
   Stab: Invisible         |     2 |     1 |       ||     3
         Sleeping          |       |       |     3 ||     3
 Armour: Leather armour    |    24 |    60 |    45 ||   129
         Plate armour      |       |       |   107 ||   107
  Dodge: Dodged            |    44 |    71 |   114 ||   229
  Block: Other             |       |    22 |    51 ||    73
         Reflection        |       |     1 |     1 ||     2
